 Dungeon Crawl Stone Soup version 0.27.1 (webtiles) character file.

Game seed: 2558402360418132234

38 ZARRMARR the Chopper (level 3, -1/31 HPs)
             Began as a Hill Orc Monk on Sept 2, 2021.
             Slain by Terence (10 damage)
             ... on level 2 of the Dungeon.
             The game lasted 00:04:38 (1501 turns).

ZARRMARR the Chopper (Hill Orc Monk)                Turns: 1501, Time: 00:04:38

Health: -1/31      AC:  5    Str: 14    XL:     3   Next: 43%
Magic:  3/3        EV:  8    Int: 10    God:
Gold:   97         SH:  7    Dex: 13    Spells: 2/2 levels left

rFire    . . .     SeeInvis .   a - +0 hand axe
rCold    . . .     Faith    .   c - +0 kite shield
rNeg     . . .     Spirit   .   e - +0 ring mail
rPois    +         Reflect  .   (no helmet)
rElec    .         Harm     .   (no cloak)
rCorr    .         Rampage  .   (no gloves)
Will     .....                  (no boots)
Stlth    +.........             (no amulet)
HPRegen  0.10/turn              h - ring of poison resistance
MPRegen  0.08/turn              (no ring)

@: no status effects
A: no striking features
a: no special abilities


You were on level 2 of the Dungeon.
You visited 1 branch of the dungeon, and saw 2 of its levels.

You collected 97 gold pieces.

Inventory:

Hand Weapons
 a - a +0 hand axe (weapon)
Missiles
 g - 14 poisoned darts (quivered)
Armour
 c - a +0 kite shield (worn)
 e - a +0 ring mail (worn)
Jewellery
 h - a ring of poison resistance (left hand)
Scrolls
 i - a scroll of teleportation {unknown}
Potions
 b - a potion of flight {unknown}
 d - a potion of lignification {unknown}
 f - a potion of attraction {unknown}
 j - a potion of magic {unknown}


   Skills:
 - Level 3.6 Fighting
 + Level 5.8 Axes
 - Level 2.4 Dodging
 - Level 1.5 Stealth


You had 2 spell levels left.
You didn't know any spells.
Your spell library contained the following spells:

 Spells                   Type           Power      Damage    Failure   Level
 Animate Skeleton         Necr           0%         N/A       99%         1
 Apportation              Tloc           0%         N/A       99%         1
 Corona                   Hex            0%         N/A       99%         1
 Summon Small Mammal      Summ           0%         N/A       99%         1


Dungeon Overview and Level Annotations

Branches:
Dungeon (2/15)

Altars:

Annotations:
D:2 Terence


Message History

You throw a poisoned dart.
The poisoned dart barely misses Terence.
Throw: 15 darts (poison)
Press: ? - help, Q - select action Shift-Dir - straight line, f/p - Terence
Aim: Terence, wielding a +2 flail of protection and wearing a +0 scale mail (moderately wounded, poisoned, 60% to hit)
You throw a poisoned dart.
The poisoned dart barely misses Terence.
Terence hits you with a +2 flail of protection.
You barely miss Terence.
Terence is moderately wounded.
You block Terence's attack.
You hit Terence but do no damage.
Terence is moderately wounded.
Terence barely misses you.
You hit Terence but do no damage.
Terence is heavily wounded.
Terence looks more healthy.
Terence hits you with a +2 flail of protection. x2
You hit Terence.
Terence is severely wounded.
Terence barely misses you.
You hit Terence but do no damage.
Terence is severely wounded.
Terence hits you with a +2 flail of protection.
You hit Terence but do no damage.
Terence is severely wounded.
Terence hits you with a +2 flail of protection!
You block Terence's attack.
You barely miss Terence.
Terence is severely wounded.
Terence completely misses you.
You hit Terence but do no damage.
Terence is severely wounded.
Terence closely misses you.
You hit Terence but do no damage.
Terence is severely wounded.
Terence hits you with a +2 flail of protection.
* * * LOW HITPOINT WARNING * * *
Terence hits you with a +2 flail of protection!
You die...

.# .# .# .# #### .# #..
.###.##############
.##............#..
.##..#.......#.#.####..#
.##..........#..@@..(..(
...#.##....#.###.#....>#
...#.....#.#####.# #####
...).............#
.#.(#....#.#######
....#.#<.#.#
....#?#.##.#
....#.#.##.#
....#.#.##.#


You could see Terence.

Vanquished Creatures
  A worm (D:2)
  A dart slug (D:1)
  8 bats
  4 endoplasms
  A giant cockroach (D:1)
  6 goblins
  2 hobgoblins (D:1)
  3 kobolds (D:1)
  A ball python (D:1)
  4 frilled lizards
  A rat (D:1)
32 creatures vanquished.

Notes
Turn   | Place    | Note
-------+----------+-------------------------------------------
     0 | D:1      | ZARRMARR the Hill Orc Monk began the quest for the Orb.
     0 | D:1      | Reached XP level 1. HP: 19/19 MP: 1/1
   304 | D:1      | Reached XP level 2. HP: 26/26 MP: 2/2
   418 | D:1      | Reached skill level 5 in Axes
   738 | D:1      | Reached XP level 3. HP: 30/31 MP: 3/3
  1033 | D:1      | Found a faded altar of an unknown god.
  1489 | D:2      | Noticed Terence
  1501 | D:2      | Slain by Terence

Illustrated notes

Levels and vault maps discovered:
D:1:      mrwooster_arrival_statue, layout_loops_cross, serial_glass,
          glass_columns_a, glass_columns_a, dilly_ecumenical_altar_fadedgnrine,
          minmay_misc_feat_columns, minmay_split_cup_large
D:2:      layout_basic, minmay_misc_feat_five, grunt_ministairs_8, uniq_terence,
          uniq_crazy_yiuf_cottage

Skill      XL: |  1  2 |
---------------+-------+-----
Axes           | 5 |  5.8
Fighting       | |  3.6
Dodging        | |  2.4
Stealth        | |  1.5

Action                   || total
-------------------------++-------
Melee: Hand axe          ||   109
Throw: Dart              ||     7
  Use: Scroll            ||     2
 Stab: Sleeping          ||     2
Armor: Robe              ||     3
       Ring mail         ||    36
Dodge: Dodged            ||    47
Block: Kite shield       ||    40
